 Dungeon Crawl Stone Soup version 0.20.1-1-g8b1a95d66d (webtiles) character file.

917 MsStandart the Fighter (level 7, -9/70 HPs)
             Began as a Minotaur Berserker on Dec 3, 2017.
             Was a Priest of Trog.
             Mangled by an orc warrior
             ... wielding a +0 halberd
              (17 damage)
             ... on level 6 of the Dungeon on Dec 4, 2017.
             The game lasted 00:21:44 (4884 turns).

MsStandart the Fighter (Minotaur Berserker)         Turns: 4884, Time: 00:21:45

Health: -9/70      AC:  4    Str: 24    XL:     7   Next: 83%
Magic:  6/6        EV: 12    Int:  4    God:    Trog [***...]
Gold:   456        SH:  0    Dex:  9    Spells: 6/6 levels left

rFire    . . .     SeeInvis .   g - +1 war axe
rCold    . . .     Gourm    .   (no shield)
rNeg     . . .     Faith    .   k - +1 leather armour
rPois    .         Spirit   .   (helmet restricted)
rElec    .         Reflect  .   (no cloak)
rCorr    .         Harm     .   (no gloves)
MR       +....                  (no boots)
Stlth    ++........             (no amulet)
Regen    0.3/turn               y - ring of protection from magic
MPRegen  0.1/turn               (no ring)

@: about to teleport, berserk cooldown, slowed, very slow
A: retaliatory headbutt, horns 2
a: Berserk, Trog's Hand, Burn Spellbooks, Renounce Religion


You were on level 6 of the Dungeon.
You worshipped Trog.
Trog was most pleased with you.
You were hungry.

You visited 1 branch of the dungeon, and saw 6 of its levels.

You collected 456 gold pieces.

Inventory:

Hand Weapons
 a - a +0 hand axe
 g - a +1 war axe (weapon)
 p - a +0 war axe
 v - a +0 longbow (quivered)
Missiles
 u - 95 arrows
 G - 2 throwing nets
Armour
 b - a +0 animal skin
 k - a +1 leather armour (worn)
 z - a +0 leather armour
Jewellery
 y - a ring of protection from magic (left hand)
Wands
 m - a wand of digging (13/24)
 E - a wand of disintegration (21/24)
Scrolls
 d - 5 scrolls of recharging
 f - a scroll of fog
 n - 2 scrolls of immolation
 o - 2 scrolls of remove curse
 D - a scroll of teleportation
 H - a scroll of enchant armour
Potions
 e - a potion of curing
 i - a potion of heal wounds {unknown}
 j - a potion of mutation {unknown}
 l - 2 potions of invisibility {unknown}
 q - 2 potions of might {unknown}
 r - 3 potions of brilliance {unknown}
 s - a potion of berserk rage {unknown}
 t - 3 potions of lignification {unknown}
 w - 3 potions of flight {unknown}
 x - a potion of ambrosia {unknown}
 A - a potion of resistance {unknown}
 B - 2 potions of haste {unknown}
Books
 C - a book of Conjurations

   Spells                             Type                      Level
   a - Magic Dart                     Conjuration                  1
   b - Searing Ray                    Conjuration                  2
   c - Dazzling Spray                 Conjuration/Hexes            3
   d - Fulminant Prism                Conjuration/Hexes            4
   e - Force Lance                    Conjuration/Translocation    4
   f - Iskenderun's Mystic Blast      Conjuration                  4
   Trog disapproves of the use of such an item.
Comestibles
 c - 4 bread rations
 h - a meat ration
 F - 2 royal jellies
 I - 2 fruits


   Skills:
 + Level 9.2 Fighting
 - Level 3.6 Axes
 + Level 5.8 Armour
 - Level 2.1 Dodging
 + Level 2.6 Stealth


You had 6 spell levels left.
You didn't know any spells.

Dungeon Overview and Level Annotations

Branches:
Dungeon (6/15)             Temple (0/1) D:6

Altars:
Makhleb
Qazlal
Ru
Trog
Uskayaw
Vehumet

Shops:
D:5 *


Innate Abilities, Weirdness & Mutations

You reflexively headbutt those who attack you in melee.
You have a pair of horns on your head.


Message History

You closely miss the orc warrior. The orc warrior barely misses you.
The orc warrior misses you.
You hit the orc warrior but do no damage.
The orc warrior hits you with a halberd!!
The orc warrior barely misses you.
A hound comes into view.
You barely miss the orc warrior. Your headbutt misses the orc warrior.
The orc warrior closely misses you.
You hit the orc warrior.
The orc warrior is lightly wounded.
You barely miss the hound. The hound bites you.
The orc warrior completely misses you. You furiously retaliate!
You headbutt the orc warrior. The hound bites you.
The orc warrior hits you with a halberd!
* * * LOW HITPOINT WARNING * * *
The hound closely misses you. You furiously retaliate!
You headbutt the hound.
As you read the scroll of teleportation, it crumbles to dust.
You feel strangely unstable. The hound barely misses you.
The orc warrior hits you with a halberd!
You die...

.......#..............#
####'###..............#
#.....................#
#.....................#
#.....................#
#.....................#
#.............).......##
......##'######)####....
......'.....#...@......#
....<.#.....#...ho.....#
......#...>.#..........#
......#.....#..........#
......##...####.##....##
..##'##########.# ....#
..#....#.....#... .....#
..#....#.....#.. .....#
..#....#.....#


You could see an orc warrior and a hound.

Vanquished Creatures
  The ghost of Peloso the Covered, an amateur HaFi (D:4)
  Edmund (D:5)
  A phantom (D:4)
  An ogre (D:6)
  A scorpion (D:6)
  A hound (D:5)
  2 orc wizards
  An orc priest (D:6)
  A jelly (D:6)
  A bullfrog skeleton (D:4)
  A worker ant (D:4)
  8 gnolls
  6 adders
  2 worms
  A dart slug (D:1)
  8 leopard geckos
  16 orcs
  16 giant cockroaches
  7 goblins
  5 hobgoblins
  3 jackals (D:2)
  A quokka (D:2)
  A ball python skeleton (D:4)
  14 bats
  4 frilled lizards (D:2)
  10 kobolds
  9 rats
123 creatures vanquished.

Notes
Turn   | Place    | Note
-------+----------+-------------------------------------------
     0 | D:1      | MsStandart the Minotaur Berserker began the quest for the Orb.
     0 | D:1      | Reached XP level 1. HP: 19/19 MP: 0/0
   251 | D:1      | Reached skill level 4 in Fighting
   251 | D:1      | Reached XP level 2. HP: 22/27 MP: 1/1
   791 | D:2      | Reached XP level 3. HP: 34/34 MP: 2/2
   840 | D:2      | Reached skill level 5 in Fighting
   843 | D:2      | Reached XP level 4. HP: 32/42 MP: 3/3
   849 | D:2      | Reached ** piety under Trog
  1137 | D:2      | Found a sacrificial altar of Ru.
  1137 | D:2      | Found a stormy altar of Qazlal.
  1143 | D:2      | Found a burning altar of Makhleb.
  1145 | D:2      | Found a hide-covered altar of Uskayaw.
  1146 | D:2      | Found a bloodstained altar of Trog.
  1484 | D:2      | Reached skill level 6 in Fighting
  1838 | D:3      | Reached XP level 5. HP: 50/50 MP: 4/4
  2118 | D:3      | Reached *** piety under Trog
  2521 | D:3      | You fall through a shaft for 3 floors!
  2521 | D:6      | Found a staircase to the Ecumenical Temple.
  2584 | D:5      | Entered Level 5 of the Dungeon
  2651 | D:4      | Noticed Peloso's ghost (amateur HaFi)
  2825 | D:4      | Killed Peloso's ghost
  2825 | D:4      | Reached skill level 7 in Fighting
  2825 | D:4      | Reached skill level 1 in Stealth
  2825 | D:4      | Reached XP level 6. HP: 60/60 MP: 5/5
  3383 | D:4      | Reached skill level 5 in Armour
  3386 | D:4      | Reached skill level 8 in Fighting
  3386 | D:4      | Reached XP level 7. HP: 56/68 MP: 6/6
  3959 | D:5      | Found Sianop's General Store.
  4094 | D:5      | Noticed Edmund
  4105 | D:5      | Killed Edmund
  4544 | D:6      | Found a radiant altar of Vehumet.
  4581 | D:6      | Reached skill level 9 in Fighting
  4884 | D:6      | Mangled by an orc warrior

Skill      XL: |  1  2  3  4  5  6  7 |
---------------+----------------------+-----
Fighting       | 4 5 6 7 8 9 |  9.2
Armour         | 3 4 5 |  5.8
Stealth        | 1 2 |  2.6
Axes           | |  3.6
Dodging        | |  2.1

Action                   |  1- 3 |  4- 6 |  7- 9 || total
-------------------------+-------+-------+-------++-------
Melee: Hand axe          |    50 |    11 |       ||    61
       Headbutt          |     6 |    27 |     8 ||    41
       War axe           |       |   155 |    40 ||   195
Throw: Throwing net      |       |       |     1 ||     1
Invok: Berserk           |     2 |     5 |     3 ||    10
  Use: Scroll            |     3 |     8 |     4 ||    15
       Potion            |       |     1 |       ||     1
  Eat: Chunk             |       |    12 |     3 ||    15
       Meat ration       |       |     1 |       ||     1
       Fruit             |       |       |     1 ||     1
Armor: Animal skin       |     5 |       |       ||     5
       Leather armour    |    23 |    54 |     4 ||    81
Dodge: Dodged            |    44 |   135 |    38 ||   217
